Map: Dusk Towers

Players

NrGeve

  • Race: Zerg Zerg
  • League: Master

Miszu - Winner!

  • Race: Terran Terran
  • League: Master

VOD

Have the link to the VOD?

Description

Time

  • Played on: June 27, 2016, 8:34 p.m.
  • Length: 10:51
Show
View Real Time Build Order
Export as new Build Order

NrGeve Zerg 

Build Orders: Hatch First, Muta Ling Bane 

Get SALT Encoding   

  12  0:01  Drone  
  13  0:12  Overlord  
  13  0:18  Drone  
  14  0:32  Drone x2  
  17  0:35  Drone  
  17  0:55  Hatchery  
  16  0:58  Drone  
  16  1:01  Drone  
  18  1:08  Extractor  
  18  1:09  Drone  
  18  1:24  Spawning Pool  
  17  1:26  Drone  
  18  1:37  Drone  
  19  1:47  Overlord  
  19  2:10  Queen x2  
  19  2:11  Metabolic Boost  
  19  2:12  Zergling x2  
  19  2:13  Zergling x2  
  25  2:18  Drone  
  25  2:21  Drone  
  27  2:25  Drone  
  27  2:27  Drone  
  29  2:36  Drone x2  
  31  2:46  Extractor  
  31  2:52  Lair  
  31  2:53  Queen  
  33  2:59  Overlord  
  33  3:03  Drone x2  
  35  3:07  Drone  
  36  3:18  Overlord, Drone x2  
  36  3:19  Drone  
  39  3:21  Drone  
  41  3:34  Drone x4  
  41  3:38  Extractor x2  
  42  3:41  Drone x3  
  42  3:47  Drone  
  46  3:58  Drone x4  
  46  4:00  Spine Crawler  
  46  4:01  Spire  
  48  4:05  Zergling x6  
  51  4:15  Drone  
  52  4:18  Extractor  
  52  4:19  Overlord x2  
  51  4:25  Drone  
  52  4:38  Zergling x2  
  52  4:39  Zergling x12, Spore Crawler  
  55  5:15  Mutalisk x6  
  67  5:23  Drone  
  68  5:28  Hatchery  
  67  5:39  Overlord  
  67  5:49  Overseer  
  64  5:51  Drone x2  
  64  5:52  Drone x2  
  64  5:56  Overlord  
  68  6:03  Overlord  
  68  6:05  Drone x5  
  73  6:14  Drone, Hatchery  
  73  6:15  Evolution Chamber  
  70  6:18  Baneling Nest, Evolution Chamber  
  70  6:24  Drone x5  
  73  6:28  Extractor  
  73  6:32  Extractor  
  71  6:34  Overseer  
  71  6:35  Mutalisk x4  
  71  6:38  Overseer  
  79  6:41  Pneumatized Carapace  
  79  6:44  Drone  
  79  6:45  Drone  
  81  6:53  Drone x4  
  85  6:58  Zerg Melee Weapons Level 1  
  85  7:00  Drone  
  85  7:01  Drone x2  
  88  7:06  Overseer  
  88  7:10  Zerg Ground Armor Level 1  
  88  7:16  Drone  
  88  7:17  Drone  
  88  7:18  Overlord  
  90  7:23  Baneling x11  
  90  7:26  Zergling x2  
  90  7:27  Zergling x6  
  90  7:28  Drone  
  95  7:35  Drone  
  96  7:37  Overlord  
  96  7:40  Drone x6  
  102  7:49  Drone  
  102  7:50  Drone  
  104  7:59  Drone  
  85  8:15  Hatchery  
  85  8:18  Infestation Pit, Zergling x22  
  94  8:22  Zergling x2, Hatchery  
  94  8:25  Zerg Flyer Armor Level 1  
  94  8:29  Overseer  
  94  8:39  Corruptor  
  94  8:40  Corruptor x4  
  104  8:52  Overlord  
  103  9:01  Centrifical Hooks  
  103  9:06  Overlord  
  103  9:09  Overlord  
  104  9:24  Zergling x16  
  104  9:27  Overlord  
  111  9:33  Zergling x12  
  111  9:34  Overlord, Zergling x12  
  110  9:50  Baneling x10  
  109  9:57  Zergling x12  
  109  9:58  Zergling x12  
  113  10:13  Zergling x2  
  113  10:14  Zergling x8  
  113  10:27  Zergling x18  
Show
View Real Time Build Order
Export as new Build Order

Miszu Terran - Winner!

Build Orders: Reaper Expand, MMM Bio 

Get SALT Encoding   

  12  0:00  SCV  
  13  0:13  SCV  
  14  0:18  Supply Depot  
  14  0:25  SCV  
  15  0:40  SCV  
  15  0:41  Barracks  
  16  0:43  Refinery  
  16  0:52  SCV  
  17  1:04  SCV  
  18  1:16  SCV  
  19  1:30  Orbital Command  
  19  1:31  Reaper  
  20  1:44  Command Center  
  20  1:55  Supply Depot  
  20  1:56  SCV  
  21  2:07  Refinery  
  21  2:08  SCV  
  21  2:09  Barracks Reactor  
  22  2:20  SCV  
  22  2:22  Factory  
  23  2:32  SCV  
  24  2:45  SCV  
  24  2:49  Marine x2  
  27  2:57  SCV  
  29  3:00  Orbital Command  
  28  3:07  Starport, Marine x2  
  28  3:08  Factory Reactor  
  28  3:09  SCV  
  31  3:21  SCV  
  31  3:25  Marine x2  
  34  3:33  SCV  
  35  3:37  SCV  
  35  3:39  Supply Depot  
  35  3:43  Marine x2  
  35  3:45  SCV  
  38  3:49  SCV  
  38  3:51  Medivac x2, Widow Mine  
  45  3:57  SCV  
  45  4:01  Supply Depot, Marine x2, SCV  
  49  4:09  SCV  
  50  4:13  Command Center, SCV  
  51  4:19  Marine x2  
  51  4:21  Liberator x2, SCV  
  54  4:25  SCV  
  54  4:29  Supply Depot, Refinery x2  
  54  4:30  Factory Tech Lab  
  55  4:33  SCV  
  62  4:50  SCV x2  
  62  4:52  Supply Depot  
  64  4:53  Marine  
  64  4:54  Marine  
  66  5:03  SCV  
  66  5:10  Liberator  
  66  5:12  SCV  
  66  5:13  Liberator  
  62  5:14  Marine x2  
  62  5:17  SCV  
  62  5:18  Siege Tank  
  68  5:23  Barracks  
  68  5:24  Engineering Bay x2, Barracks  
  71  5:31  SCV  
  71  5:33  SCV  
  76  5:42  Orbital Command  
  76  5:48  SCV  
  77  5:52  Supply Depot, Missile Turret  
  77  5:54  Missile Turret  
  77  5:57  Terran Infantry Weapons Level 1, Terran Infantry Armor Level 1  
  77  6:00  SCV  
  78  6:06  Marine x2  
  78  6:09  Liberator x2  
  78  6:10  SCV, Orbital Command  
  81  6:12  Barracks Tech Lab  
  81  6:13  Barracks Tech Lab  
  81  6:22  SCV  
  81  6:24  Marine x2  
  84  6:28  SCV  
  84  6:32  Stimpack  
  89  6:34  SCV  
  89  6:35  SCV  
  91  6:40  SCV  
  91  6:41  Marine x2  
  91  6:45  Missile Turret  
  91  6:46  SCV  
  95  6:47  SCV  
  95  6:50  Barracks  
  95  6:52  Barracks, SCV  
  97  6:59  SCV x2  
  99  7:04  SCV  
  99  7:05  Combat Shields  
  100  7:11  SCV  
  100  7:12  Barracks  
  100  7:13  Barracks  
  100  7:14  Barracks  
  101  7:17  Medivac, Siege Tank, SCV x2  
  101  7:18  Supply Depot  
  101  7:20  Supply Depot  
  108  7:23  SCV  
  108  7:24  Supply Depot  
  109  7:34  Armory  
  109  7:39  Marine x3, SCV x3  
  109  7:42  Supply Depot  
  115  7:48  Supply Depot, Marauder  
  115  7:49  Barracks Reactor  
  115  7:50  Barracks Reactor  
  117  7:51  SCV x3  
  117  7:54  Supply Depot  
  118  8:03  SCV x3  
  118  8:11  Refinery  
  118  8:14  Marine x2  
  118  8:15  Barracks Reactor, Barracks Tech Lab  
  118  8:16  Barracks Tech Lab, SCV x3  
  123  8:24  Terran Infantry Armor Level 2, Siege Tank, Terran Infantry Weapons Level 2  
  123  8:26  Marine  
  129  8:27  Marauder  
  129  8:34  Supply Depot  
  129  8:36  Supply Depot  
  129  8:38  Marine x3, Marauder  
  129  8:39  Medivac, Marauder  
  138  8:43  Marine  
  138  8:44  Marine x2, Marauder  
  138  8:48  Marine, Refinery  
  144  8:49  Refinery  
  144  8:55  Command Center  
  144  8:57  Marine x4  
  144  8:58  Marine  
  144  9:00  Marauder  
  151  9:03  Marauder  
  151  9:06  Marine, Marauder  
  151  9:07  Marine, Marauder  
  151  9:08  Marine  
  160  9:14  Marine  
  161  9:21  Marauder  
  163  9:24  Marauder  
  163  9:28  Marauder  
  163  9:29  Marauder  
  163  9:30  Marine  
  170  9:42  Marine, Marauder  
  170  9:44  Marine x5  
  166  9:46  Marauder  
  166  9:48  Marine x2  
  166  9:49  Marauder  
  166  9:50  Marauder  
  159  10:01  Marine  
  159  10:06  Marine x2  
  157  10:09  Marine  
  157  10:13  Marine  
  157  10:14  Marine  
  157  10:15  Marine  
  157  10:17  Marauder  
  157  10:19  Marauder  
  157  10:21  Marine  
  157  10:25  Marauder  
  157  10:28  Marine x3  
  157  10:29  Marauder  
  157  10:31  Marine  
  157  10:32  Marine x2  
Tags
 
Add a new tag
Caveats
  • Supply blocks, unpowered buildings, or Contaminate may cause inaccurate times.
  • Supply counts are checked every 10 seconds.